 Dungeon Crawl Stone Soup version 0.26-a0-996-g6b303dbc09 (webtiles) character file.

Game seed: 12940825234514424837

85 Morbidden the Insei (level 4, 1/33 HPs)
             Began as a Demonspawn Transmuter on Dec 6, 2020.
             Quit the game on level 3 of the Dungeon.
             The game lasted 00:02:33 (1402 turns).

Morbidden the Insei (Demonspawn Transmuter)         Turns: 1402, Time: 00:02:34

Health: 1/33       AC:  8    Str: 10    XL:     4   Next: 25%
Magic:  6/7        EV: 12    Int: 15    God:
Gold:   95         SH:  0    Dex: 14    Spells: 4/8 levels left

rFire    . . .     SeeInvis .     - Unarmed
rCold    . . .     Faith    .   (no shield)
rNeg     . . .     Spirit   .   a - +0 robe
rPois    .         Reflect  .   (helmet restricted)
rElec    .         Harm     .   (no cloak)
rCorr    .         Rampage  .   (no gloves)
MR       .....                  (no boots)
Stlth    +.........             (no amulet)
HPRegen  0.11/turn              (no ring)
MPRegen  0.10/turn              (no ring)

@: sanguine armour
A: antennae 1, spiny 1, sanguine armour 1
a: no special abilities


You were on level 3 of the Dungeon.
You visited 1 branch of the dungeon, and saw 3 of its levels.

You collected 95 gold pieces.

Inventory:

Missiles
 h - 11 poisoned darts (quivered)
Armour
 a - a +0 robe (worn)
Scrolls
 b - 2 scrolls of teleportation {unknown}
 c - 5 scrolls of remove curse {unknown}
 d - a scroll of identify {unknown}
 e - a scroll of amnesia {unknown}
 f - a scroll of enchant armour {unknown}
 j - a scroll of magic mapping {unknown}
Potions
 g - a potion of invisibility {unknown}
 i - a potion of attraction {unknown}


   Skills:
 * Level 2.0 Fighting
 + Level 2.0 Dodging
 + Level 3.2 Unarmed Combat
 * Level 2.6 Spellcasting
 * Level 2.4 Transmutations
 * Level 0.1 Poison Magic


You had 4 spell levels left.
You knew the following spells:

 Your Spells              Type           Power        Failure   Level
a - Beastly Appendage     Tmut           #.....       8%          1
b - Spider Form           Tmut/Pois      #.........   36%         3

Your spell library contained the following spells:

 Spells                   Type           Power        Failure   Level
 Wereblood                Tmut           #.......     12%         2
 Ice Form                 Ice/Tmut       #.......     77%         4
 Blade Hands              Tmut           #.........   91%         5


Dungeon Overview and Level Annotations

Branches:
Dungeon (3/15)

Altars:


Innate Abilities, Weirdness & Mutations

You have a pair of small antennae on your head.
You are partially covered in sharp spines.
When seriously injured, your bleeding wounds create armour. (AC +6)


Message History

Unknown command.
Unknown command.
Unknown command.
The ball python is struck by your spines.
You kill the ball python!
Your transformation is almost over.
Unknown command.
Unknown command.
The orc priest mumbles some strange prayers to Beogh against you.
Beogh smites you!
* * * LOW HITPOINT WARNING * * *
There is a stone staircase leading down here.
Unknown command.
Unknown command.
Your talons disappear.
You climb downwards.
There is a stone staircase leading up here.
Unknown command.
Unknown command.
Are you sure you want to abandon this character and quit the game? (Confirm with "yes".) ######### .......@# #########

There were no monsters in sight!

Vanquished Creatures
  An orc priest (D:2)
  A gnoll (D:1)
  An adder skeleton (D:2)
  2 dart slugs (D:1)
  2 leopard geckos
  An orc (D:2)
  2 ball pythons (D:2)
  A bat (D:1)
  3 giant cockroaches
  2 goblins (D:1)
  3 hobgoblins (D:2)
  3 jackals (D:1)
  3 frilled lizards (D:1)
  6 kobolds
  6 rats
37 creatures vanquished.

Notes
Turn   | Place    | Note
-------+----------+-------------------------------------------
     0 | D:1      | Morbidden the Demonspawn Transmuter began the quest for the
                  | Orb.
     0 | D:1      | Reached XP level 1. HP: 15/15 MP: 3/3
   178 | D:1      | Gained mutation: When seriously injured, your bleeding
                  | wounds create armour. (AC +6) [demonic ancestry]
   178 | D:1      | Reached XP level 2. HP: 21/21 MP: 3/5
   352 | D:1      | Reached skill level 3 in Unarmed Combat
   730 | D:1      | Gained mutation: You are partially covered in sharp spines.
                  | [demonic ancestry]
   730 | D:1      | Reached XP level 3. HP: 16/26 MP: 4/6
  1221 | D:2      | Learned a level 3 spell: Spider Form
  1390 | D:2      | Lost mutation: You have a pair of horns on your head.
                  | [demonic ancestry]
  1390 | D:2      | Lost mutation: You have a pair of small horns on your head.
                  | [demonic ancestry]
  1390 | D:2      | Gained mutation: You have a pair of small antennae on your
                  | head. [demonic ancestry]
  1390 | D:2      | Reached XP level 4. HP: 13/33 MP: 5/7
  1399 | D:2      | HP: 1/33 [orc priest/divine providence (13)]
  1402 | D:3      | Quit the game

Illustrated notes

Levels and vault maps discovered:
D:1:      dpeg_arrival_rooms_with_view, layout_loops_cross, columned_hall_lemuel
D:2:      minmay_door_path, layout_loops_ring, lemuel_round_altar, minmay_vboxes
D:3:      lemuel_upstairs_altar, layout_basic, old_standard_altar,
          chequers_ecumenical_altar_grove, uniq_terence

Skill      XL: |  1  2  3 |
---------------+----------+-----
Unarmed Combat | 3 |  3.2
Transmutations | 2 |  2.4
Dodging        | 2 |  2.0
Fighting       | 2 |  2.0
Spellcasting   | |  2.6
Poison Magic   | |  0.1

Action                   |  1- 3 |  4- 6 || total
-------------------------+-------+-------++-------
Melee: Unarmed           |    84 |       ||    84
       Kick              |    15 |       ||    15
       Headbutt          |     8 |       ||     8
       Punch             |     1 |       ||     1
Throw: Dart              |     2 |       ||     2
 Cast: Beastly Appendage |    24 |       ||    24
 Stab: Sleeping          |     1 |       ||     1
Armor: Robe              |    15 |       ||    15
Dodge: Dodged            |    52 |       ||    52

Table legend: (Time is in decaauts)
 A = Elapsed time spent in this place.
 B = Non-inter-level travel time spent in this place.
 C = Inter-level travel time spent in this place.
 D = Time resting spent in this place.
 E = Time spent auto-exploring this place.
 F = Levels seen in this place.
 G = Mean time per level.
                   A        B        C        D        E       F      G
               +--------+--------+--------+--------+--------+-----+--------+
         Total |   1397 |   1287 |    110 |      0 |   1030 |   3 |  465.7 |
       Dungeon |   1397 |   1287 |    110 |      0 |   1030 |   3 |  465.7 |
               +--------+--------+--------+--------+--------+-----+--------+

Top non-repeatable levels by time:
     D:1: 1070 daAuts
     D:2: 326 daAuts
     D:3: 0 daAuts
